 Dungeon Crawl Stone Soup version 0.28-a0-60-g54b5640690 (webtiles) character file.

Game seed: 11802332421453977527

1 horus123 the Grave Robber (level 1, -2/13 HPs)
             Began as a Human Necromancer on July 30, 2021.
             Slain by a hobgoblin (4 damage)
             ... on level 1 of the Dungeon.
             The game lasted 00:00:43 (74 turns).

horus123 the Grave Robber (Human Necromancer)         Turns: 74, Time: 00:00:44

Health: -2/13      AC:  2    Str:  8    XL:     1   Next: 22%
Magic:  1/3        EV: 12    Int: 15    God:
Gold:   0          SH:  0    Dex: 13    Spells: 2/4 levels left

rFire   . . .      SeeInvis .   (no weapon)
rCold   . . .      Faith    .   (no shield)
rNeg    . . .      Spirit   .   a - +0 robe
rPois   .          Reflect  .   (no helmet)
rElec   .          Harm     .   (no cloak)
rCorr   .          Rampage  .   (no gloves)
Will    .....                   (no boots)
Stlth   ++........              (no amulet)
HPRegen 0.04/turn               (no ring)
MPRegen 0.08/turn               (no ring)

@: no status effects
A: no striking features
a: no special abilities


You were on level 1 of the Dungeon.
You visited 1 branch of the dungeon, and saw 1 of its levels.

Inventory:

Armour
 a - a +0 robe (worn)


   Skills:
 + Level 2.0 Dodging
 + Level 2.0 Stealth
 + Level 2.0 Spellcasting
 + Level 4.0 Necromancy


You had 2 spell levels left.
You knew the following spells:

 Your Spells              Type           Power      Damage    Failure   Level
a - Pain                  Necr           52%        1d6       4%          1
b - Animate Skeleton      Necr           26%        N/A       4%          1

Your spell library contained the following spells:

 Spells                   Type           Power      Damage    Failure   Level
 Vampiric Draining        Necr           6%         2d6       13%         3
 Animate Dead             Necr           6%         N/A       38%         4
 Agony                    Necr           13%        N/A       75%         5


Dungeon Overview and Level Annotations

Branches:
Dungeon (1/15)

Altars:

Shops:
D:1 :


Message History

Press: ? - help, Shift-Dir - straight line, f - quokka
Aim: a quokka (chance to affect: 83%)
The quokka writhes in agony.
The quokka misses you.
Casting: Pain (safe; 4% risk of failure)
Confirm with . or Enter, or press ? or * to list all spells.
Aiming: Pain (safe; 4% risk of failure)
Press: ? - help, Shift-Dir - straight line, f/p - quokka
Aim: a quokka (almost dead, chance to affect: 83%)
The quokka barely resists.
The quokka bites you. The frilled lizard misses you. The quokka bites you.
The frilled lizard misses you. The quokka closely misses you.
The frilled lizard barely misses you. The frilled lizard bites you.
The quokka bites you but does no damage.
The hobgoblin barely misses you.
A goblin comes into view. It is wielding a +0 club.
The goblin shouts!
Casting: Pain (safe; 4% risk of failure)
Confirm with . or Enter, or press ? or * to list all spells.
You don't have enough magic to cast this spell.
The quokka barely misses you.
Found Muamiof's Book Shop.
The hobgoblin barely misses you. The quokka barely misses you.
You closely miss the goblin.
The hobgoblin hits you but does no damage.
The quokka bites you but does no damage.
The goblin hits you with a +0 club.
* * * LOW HITPOINT WARNING * * *
You barely miss the goblin. The quokka misses you.
The hobgoblin barely misses you. The goblin misses you.
You closely miss the goblin. The quokka bites you.
* * * LOW HITPOINT WARNING * * *
The hobgoblin barely misses you. The goblin closely misses you.
You hit the goblin but do no damage. The quokka closely misses you.
The hobgoblin barely misses you. The goblin barely misses you.
The quokka misses you.
You closely miss the goblin. The hobgoblin closely misses you.
The goblin hits you but does no damage. The quokka barely misses you.
You barely miss the goblin. The hobgoblin hits you.
You die...

######### #...∩...#
.......####
...........
..............
#>............
#g#...........
#@..........#.
###rg...........
#..l............
#...............
#...............
#...........#### ##
###......####..####.
####.#####.##.##.#
#.....#.#.####.


You could see a quokka, a hobgoblin, a goblin and a frilled lizard.

Vanquished Creatures
  A ball python (D:1)
1 creature vanquished.

Notes
Turn   | Place    | Note
-------+----------+-------------------------------------------
     0 | D:1      | horus123 the Human Necromancer began the quest for the Orb.
     0 | D:1      | Reached XP level 1. HP: 13/13 MP: 3/3
     2 | D:1      | Learned a level 1 spell: Animate Skeleton
    67 | D:1      | Found Muamiof's Book Shop.
    74 | D:1      | Slain by a hobgoblin

Illustrated notes

Levels and vault maps discovered:
D:1:      dpeg_arrival_signposts, layout_basic,
          ebering_ecumenical_altar_sacrificial, serial_curves, eino_curves_03,
          eino_curves_04, serial_shops, nicolae_shop_stone, shop_fountains,
          shop, shop, hangedman_decor_points

Action                   || total
-------------------------++-------
Melee: Unarmed           ||     6
 Cast: Pain              ||     3
Armor: Robe              ||     4
Dodge: Dodged            ||    20

Table legend: (Time is in decaauts)
 A = Elapsed time spent in this place.
 B = Non-inter-level travel time spent in this place.
 C = Inter-level travel time spent in this place.
 D = Time resting spent in this place.
 E = Time spent auto-exploring this place.
 F = Levels seen in this place.
 G = Mean time per level.
                   A        B        C        D        E       F      G
               +--------+--------+--------+--------+--------+-----+--------+
         Total |     74 |     74 |      0 |      0 |     49 |   1 |   74.0 |
       Dungeon |     74 |     74 |      0 |      0 |     49 |   1 |   74.0 |
               +--------+--------+--------+--------+--------+-----+--------+

Top non-repeatable levels by time:
     D:1: 74 daAuts
